 Dungeon Crawl Stone Soup version 0.30-a0-1103-g25895a7845 (webtiles) character file.

Game seed: 12742897547884125882

8259 kae the Transmogrifier (level 11, -5/92 HPs)
             Began as a Yellow Draconian Transmuter on Apr 18, 2023.
             Was a Believer of Ru.
             Slain by a two-headed ogre
             ... wielding a +0 giant club
              (19 damage)
             ... on level 10 of the Dungeon.
             The game lasted 00:09:42 (11188 turns).

kae the Transmogrifier (DrTm)                      Turns: 11188, Time: 00:09:42

Health: -5/92      AC: 13    Str: 14    XL:     11   Next: 7%
Magic:  22/22      EV: 10    Int: 17    God:    Ru [**....]
Gold:   518        SH:  0    Dex: 11    Spells: 15/25 levels left

rFire   x . .      SeeInvis +      - Unarmed
rCold   + + +      Faith    .    (shield currently unavailable)
rNeg    . . .      Spirit   .    (body armour unavailable)
rPois   +          Reflect  .    (helmet currently unavailable)
rElec   .          Rampage  .    y - melded +0 cloak "Inwir" {Will++ Stlth+}
rCorr   .                        h - melded +2 pair of gloves
Will    .....                    (boots currently unavailable)
Stlth   +                        (no amulet)
HPRegen 0.35/turn                v - ring of see invisible
MPRegen 0.18/turn                O - +4 ring of protection

@: ice-form (expiring)
A: freezing attack, amphibious, boosted hp, (spit acid), AC +7, large, unfitting
armour, (cold-blooded), inability to use devices, (acid resistance)
a: End Transformation, Renounce Religion


You were on level 10 of the Dungeon.
You worshipped Ru.
Ru was pleased with you.
You were a creature of crystalline ice.
You visited 2 branches of the dungeon, and saw 11 of its levels.

You collected 674 gold pieces.
You spent 156 gold pieces at shops.


Innate Abilities, Weirdness & Mutations

You are a creature of crystalline ice.
You have a powerful freezing melee attack.
You are amphibious.
Your maximum health is increased.
Your armour is entirely melded.
You are incapable of wielding weapons or throwing items.
((You can spit globs of acid.))
((Your golden yellow scales are hard. (AC +7)))
You cannot fit into any form of body armour.
((You are cold-blooded and may be slowed by cold attacks.))
You cannot study or use magical devices.
((You are resistant to acid. (rCorr)))


   Skills:
 - Level 1.1 Fighting
 - Level 1.7 Dodging
 + Level 8.4 Unarmed Combat
 + Level 7.5 Spellcasting
 * Level 11.4 Transmutations
 - Level 6.0 Ice Magic
 - Level 2.5 Poison Magic


You had 15 spell levels left.
You knew the following spells:

 Your Spells              Type           Power      Damage    Failure   Level
a - Beastly Appendage     Tmut           90%        N/A       1%          1
b - Wereblood             Tmut           45%        N/A       1%          2
c - Spider Form           Tmut/Pois      30%        N/A       1%          3
d - Ice Form              Ice/Tmut       36%        N/A       3%          4

Your spell library contained the following spells:

 Spells                   Type           Power      Damage    Failure   Level
 Passwall                 Tmut/Erth      20%        N/A       1%          2
 Ensorcelled Hibernation  Hex/Ice        32%        N/A       4%          2
 Hailstorm                Conj/Ice       16%        3d6       10%         3
 Sandblast                Erth           12%        2d6       11%         1
 Stone Arrow              Conj/Erth      12%        3d7       32%         3
 Anguish                  Hex/Necr       3%         N/A       73%         4
 Flame Wave               Conj/Fire      6%         2d5       73%         4
 Iskenderun's Mystic Bla  Conj/Tloc      6%         2d4       73%         4
 Simulacrum               Ice/Necr       8%         N/A       99%         6

Inventory:

Missiles
 b - 117 stones
 e - 2 curare-tipped darts {=f}
 j - 62 poisoned darts
 p - 6 boomerangs
Armour
 h - a +2 pair of gloves (melded)
   (You found it on level 2 of the Dungeon)
 y - the +0 cloak "Inwir" (melded) {Will++ Stlth+}
   (You found it on level 6 of the Dungeon)

   Will:      It greatly increases your willpower.
   Stlth:     It makes you more stealthy.
Magical Staves
 i - a staff of fire {!a}
   (You found it on level 1 of the Dungeon)
 n - a staff of earth {!a}
   (You took it off an orc on level 7 of the Dungeon)
Jewellery
 v - a ring of see invisible (left front paw)
   (You found it on level 1 of the Dungeon)
 C - a ring of ice
   (You found it on level 8 of the Dungeon)
 G - an amulet of guardian spirit
   (You found it on level 10 of the Dungeon)
 L - a ring of flight
   (You found it on level 5 of the Dungeon)
 O - a +4 ring of protection (right front paw)
   (You found it on level 3 of the Dungeon)
Wands
 s - a wand of polymorph (5)
   (You found it on level 10 of the Dungeon)
Scrolls
 d - 4 scrolls of teleportation {@r4}
 k - a scroll of blinking {!r}
 l - a scroll of torment {unknown}
 m - 2 scrolls of enchant weapon
 o - 2 scrolls of immolation {!r!r}
 q - 3 scrolls of fear
 r - a scroll of vulnerability {!r!r}
 t - 2 scrolls of acquirement
 u - a scroll of brand weapon
 w - a scroll of enchant armour {unknown}
 F - a scroll of magic mapping {!r}
Potions
 a - 3 potions of lignification {!q}
 c - a potion of mutation {!q}
 f - a potion of invisibility
 g - a potion of magic
 x - a potion of brilliance
 z - a potion of heal wounds {@q2}
 A - a potion of haste {@q3}
 B - 4 potions of ambrosia
 H - a potion of cancellation
 I - a potion of curing {@q1}

Dungeon Overview and Level Annotations

Branches:
Dungeon (10/15) Zot: 26151  Temple (1/1) D:7 Zot: 5973     Orc (0/2) D:9
   Lair: D:8-11

Altars:
Ashenzari
Cheibriados
Dithmenos
Elyvilon
Fedhas
Gozag
Hepliaklqana
Kikubaaqudgha
Makhleb
Nemelex Xobeh
Qazlal
Ru
Sif Muna
Trog
Uskayaw
Vehumet
Wu Jian
Xom
Yredelemnul
Zin
The Shining One

Shops:
D:2 ?   D:4 (   D:8 =?[(

Annotations:
D:7 2 transporters, sleepylion's ghost, novice TrBe

#.>##.# #. #..##.# #.# #..##.#
#.# #..##.# #.# #.....# #..
#.....# #.. #..##.# ##
############ #.. #..##.#
#..##.##.#.##..## #.? #..##.#
#.?Y.#.#.#.#...###.. #..##.#
#!#O#.#.#.#)#)..#).. #.....#
#..).##.#.#.###...#.. #.....#
#.##..##.#.## ##..#..
#..##.#########################..
#..##............................
#..####...###.#..................
#..#####..###....................
#................................


You could see a two-headed ogre.


Message History

You redirect the vampire mosquito's attack!
The vampire mosquito barely misses itself.
A kobold brigand comes into view.
It is wielding a +0 short sword and quivering poisoned darts.
You pummel the vampire mosquito!! You freeze the vampire mosquito.
You feel a bit better.
You destroy the vampire mosquito!
The kobold brigand throws a poisoned dart.
The poisoned dart barely misses you. 😕 HP[+1] MP[+1]
The kobold brigand hits you but does no damage. 😕 HP[+1]
You punch the kobold brigand! You freeze the kobold brigand.
You hit the kobold brigand. You freeze the kobold brigand.
You feel a bit better.
You kill the kobold brigand!
No target in view! 😕 HP[+2]
You regained 2 hp, and now have 89/92 hp.
No target in view!
No target in view!
j - 62 poisoned darts (gained 5)
Things that are here:
a +0 short sword; a kobold corpse 😕 MP[+1] No target in view!
No target in view!
An orc wizard comes into view. It is wielding a +0 dagger. 😕 HP[+1]
You pummel the orc wizard!! You freeze the orc wizard.
You feel a bit better.
You kill the orc wizard!
No target in view! 😕 HP[+1] No target in view!
No target in view!
Things that are here:
a +0 dagger; a +0 robe; an orc corpse No target in view!
No target in view! 😎 HP[+1]
Your hp is fully restored (92).
No target in view!
No target in view! 😎 MP[+1]
Your primal bloodlust is almost over.
You hear two shouts!
No target in view!
No target in view!
A wraith comes into view.
You hear a bellow!
The wraith moves out of view.
You hear a shout!
You hear a bellow!
A two-headed ogre comes into view. It is wielding two +0 giant clubs.
The two-headed ogre shouts in stereo!
The wraith closely misses you. The wraith hits you. 😕 HP[-3] MP[+1]
You take 3 damage, and now have 89/92 hp.
Your mp is fully restored (22).
You punch the wraith! You freeze the wraith.
You howl as the wereblood boils in your veins!
The wraith hits you.
You completely miss the wraith.
Your primal bloodlust has ended.
The wraith closely misses you. 😕 HP[-5]
You take 5 damage, and now have 84/92 hp.
You pummel the wraith!! You freeze the wraith.
You destroy the wraith!
You hit the two-headed ogre. You freeze the two-headed ogre.
The two-headed ogre barely misses you.
The two-headed ogre hits you with a +0 giant club! 😮 HP[-16]
You take 16 damage, and now have 68/92 hp.
You hit the two-headed ogre. You freeze the two-headed ogre.
You hit the two-headed ogre but do no damage.
The two-headed ogre barely misses you.
The two-headed ogre completely misses you. 😮 HP[+1]
You barely miss the two-headed ogre.
Your transformation is almost over.
You hit the two-headed ogre. You freeze the two-headed ogre.
The two-headed ogre closely misses you.
The two-headed ogre hits you with a +0 giant club! 😮 HP[-16]
You take 16 damage, and now have 53/92 hp.
Unknown command.
You punch the two-headed ogre! You freeze the two-headed ogre.
You hit the two-headed ogre. You freeze the two-headed ogre.
The two-headed ogre hits you with a +0 giant club!!
* * * LOW HITPOINT WARNING * * *
The two-headed ogre barely misses you. 😨 HP[-20]
You take 20 damage, and now have 33/92 hp.
MASSIVE DAMAGE!! (PAUSE)
You punch the two-headed ogre! You freeze the two-headed ogre.
You barely miss the two-headed ogre.
The two-headed ogre hits you with a +0 giant club!!
* * * LOW HITPOINT WARNING * * *
The two-headed ogre hits you with a +0 giant club!!
You die...

Skill      XL: |  1  2  3  4  5  6  7  8  9 10 |
---------------+-------------------------------+-----
Transmutations | 4 5 7 9 11 | 11.4
Spellcasting   | 3 4 6 7 |  7.5
Poison Magic   | 2 |  2.5
Ice Magic      | 2 3 5 6 |  6.0
Unarmed Combat | 4 5 6 8 |  8.4
Fighting       | |  1.1
Dodging        | |  1.7

Action                     |  1- 3 |  4- 6 |  7- 9 | 10-12 || total
---------------------------+-------+-------+-------+-------++-------
  Melee: Unarmed           |   112 |    98 |   296 |   183 ||   689
         Kick              |    10 |     3 |       |       ||    13
         Tailslap          |    11 |     4 |     4 |       ||    19
         Headbutt          |     7 |     2 |       |       ||     9
         Punch             |       |     1 |       |       ||     1
   Cast: Beastly Appendage |    20 |     7 |       |       ||    27
         Spider Form       |     2 |    20 |    12 |       ||    34
         Ice Form          |       |     3 |    27 |    17 ||    47
         Wereblood         |       |       |     9 |    11 ||    20
 Invoke: Sacrifice Artific |       |       |       |     1 ||     1
Ability: End Transformatio |       |     1 |       |       ||     1
         Breathe Acid      |       |       |     2 |       ||     2
    Use: Scroll            |     6 |     5 |     8 |     2 ||    21
         Potion            |       |       |       |     1 ||     1
   Stab: Sleeping          |       |     2 |       |       ||     2
         Distracted        |       |       |       |     2 ||     2
 Armour: Skin              |    42 |    20 |   112 |    81 ||   255
  Dodge: Dodged            |    77 |    57 |   166 |   120 ||   420

Levels and vault maps discovered:
D:1:      arrival_aquarium_a, layout_loops_corners,
          nicolae_concentric_dashed_squares_wild, minivault_5
D:2:      layout_loops_cross, serial_shops, nicolae_shop_trees,
          grunt_ministairs_15, uniq_crazy_yiuf_cottage, uniq_sigmund
D:3:      layout_loops_cross, lemuel_round_altar,
          minmay_misc_feat_secret_circle, minivault_25
D:4:      layout_basic, lemuel_doored_altar, minmay_misc_feat_columns,
          minmay_shop_grid_forest, grunt_ministairs_9, uniq_edmund
D:5:      layout_rooms, nicolae_hepliaklqana_monster_ancestors,
          uniq_blork_the_orc, uniq_duvessa
D:6:      layout_basic, moated_statue, grunt_decor_arrowhead, uniq_menkaure
D:7:      layout_loops_cross, grunt_temple_overflow_champion_of_chaos,
          minmay_temple_entry_hall, gammafunk_ghost_smash, minmay_crossroads
D:8:      minmay_weird_star, layout_layer_cave,
          nemelex_xobeh_ov_fountains_minmay, serial_shops, kennysheep_mini,
          shop, shop, shop
D:9:      layout_basic, mainiacjoe_overflow_two_lobes, david_orc_2, uniq_erolcha
D:10:     minmay_the_grid_square_5x5_4x4 [minmay_the_grid_square_5x5_slash,
          minmay_the_grid_square_5x5_checkered,
          minmay_the_grid_square_5x5_shuriken,
          minmay_the_grid_square_5x5_one_wall,
          minmay_the_grid_square_5x5_pentomino_r,
          minmay_the_grid_square_5x5_prize_snowflake,
          minmay_the_grid_square_5x5_prize_rear_guard,
          minmay_the_grid_square_5x5_mess, minmay_the_grid_square_5x5_percent,
          minmay_the_grid_square_5x5_prize_gold,
          minmay_the_grid_square_5x5_prize_deathbox,
          minmay_the_grid_square_5x5_eight,
          minmay_the_grid_square_5x5_misaligned, minmay_the_grid_square_5x5_z,
          minmay_the_grid_square_5x5_three_small,
          minmay_the_grid_square_5x5_longway], layout_small_grid,
          nicolae_wu_jian_wuxing_cycle, old_standard_altar, uniq_lodul
Temple:   hellmonk_temple_two_chambers

Notes
Turn   | Place    | Note
-------+----------+-------------------------------------------
     0 | D:1      | kae the Draconian Transmuter began the quest for the Orb.
     0 | D:1      | Reached XP level 1. HP: 16/16 MP: 3/3
     0 | D:1      | magus.rc [v1.11.3]
     1 | D:1      | Noticed an electric eel
   186 | D:1      | Reached XP level 2. HP: 23/23 MP: 3/5
  1085 | D:2      | Reached XP level 3. HP: 22/28 MP: 4/6
  1152 | D:2      | Reached skill level 3 in Transmutations
  1175 | D:1      | Learned a level 2 spell: Wereblood
  1179 | D:1      | Learned a level 3 spell: Spider Form
  1671 | D:2      | Noticed Sigmund
  1685 | D:2      | Killed Sigmund
  1686 | D:2      | Reached skill level 3 in Spellcasting
  1686 | D:2      | Reached skill level 4 in Transmutations
  1686 | D:2      | Reached skill level 2 in Poison Magic
  1686 | D:2      | Reached XP level 4. HP: 24/35 MP: 4/8
  1686 | D:2      | Reached XP level 5. HP: 28/40 MP: 4/9
  1702 | D:2      | Learned a level 4 spell: Ice Form
  1787 | D:2      | You add the spells Flame Wave and Iskenderun's Mystic Blast
                  | to your library.
  1787 | D:2      | Got the Vademecum on Transposed Pyromancy
  1928 | D:2      | Identified the +0 cloak of Fun and Games {rPois rN+ Will+}
  1953 | D:2      | Found Mootil's Magic Scroll Shop.
  1973 | D:2      | Bought a scroll of identify for 20 gold pieces
  1973 | D:2      | Bought a scroll of noise for 10 gold pieces
  2209 | D:2      | Found a runed translucent door.
  2210 | D:2      | Noticed Crazy Yiuf
  2290 | D:2      | Killed Crazy Yiuf
  2291 | D:2      | Reached XP level 6. HP: 43/47 MP: 5/10
  2497 | D:3      | Reached skill level 1 in Ice Magic
  2600 | D:3      | Reached skill level 4 in Unarmed Combat
  2665 | D:3      | Found the +7 Spriggan's Knife {stab, EV+4 Stlth+}
  2973 | D:3      | Found a glowing golden altar of the Shining One.
  3486 | D:4      | Noticed Edmund
  3493 | D:4      | Killed Edmund
  3494 | D:4      | Reached skill level 2 in Ice Magic
  3670 | D:4      | Found Vyithi's Antique Weapon Boutique.
  3681 | D:4      | Your scales start taking on a golden yellow colour.
  3681 | D:4      | Reached XP level 7. HP: 52/52 MP: 7/12
  3681 | D:4      | Gained mutation: You are resistant to acid. (rCorr) [Yellow
                  | Draconian growth]
  3872 | D:4      | Reached skill level 5 in Transmutations
  4236 | D:4      | Reached skill level 3 in Ice Magic
  4838 | D:4      | Found a shimmering blue altar of Sif Muna.
  5013 | D:5      | Entered Level 5 of the Dungeon
  5016 | D:5      | Noticed Blork the orc
  5021 | D:5      | Noticed Duvessa
  5024 | D:5      | Noticed Dowan
  5242 | D:5      | Killed Duvessa
  5243 | D:5      | Reached skill level 4 in Spellcasting
  5243 | D:5      | Reached XP level 8. HP: 59/59 MP: 7/14
  5251 | D:5      | Killed Dowan
  5252 | D:5      | Reached skill level 4 in Ice Magic
  5341 | D:5      | Found a hazy altar of Hepliaklqana.
  5429 | D:5      | Reached skill level 6 in Transmutations
  5477 | D:5      | Killed Blork the orc
  5478 | D:5      | Reached skill level 5 in Unarmed Combat
  5820 | D:6      | Reached skill level 5 in Ice Magic
  5906 | D:6      | Noticed Menkaure
  5917 | D:6      | Killed Menkaure
  6111 | D:6      | Reached skill level 7 in Transmutations
  6222 | D:6      | Identified the +0 cloak "Inwir" {Will++ Stlth+}
  6604 | D:7      | Reached XP level 9. HP: 64/64 MP: 10/16
  6654 | D:7      | Reached skill level 6 in Ice Magic
  6664 | D:7      | Reached skill level 5 in Spellcasting
  6813 | D:7      | Reached skill level 6 in Unarmed Combat
  6821 | D:7      | Reached skill level 8 in Transmutations
  7009 | D:7      | Found a shimmering altar of Xom.
  7009 | D:7      | Found a burning altar of Makhleb.
  7429 | D:7      | Found a transporter.
  7429 | D:7      | Identified the +4 dire flail "Jeoliam" {spect, rC+}
  7429 | D:7      | Noticed a two-headed ogre
  7432 | D:7      | Noticed sleepylion's ghost (novice TrBe)
  7435 | D:7      | Found a transporter.
  7467 | D:7      | Found a staircase to the Ecumenical Temple.
  7742 | Temple   | Entered the Ecumenical Temple
  7759 | Temple   | Became a worshipper of Ru the Awakened
  7923 | D:8      | Reached skill level 9 in Transmutations
  8125 | D:8      | Reached skill level 6 in Spellcasting
  8189 | D:8      | Found Cir Ytz's Magic Scroll Shoppe.
  8198 | D:8      | Bought 2 scrolls of identify for 44 gold pieces
  8198 | D:8      | Identified 2 scrolls of acquirement
  8200 | D:8      | Bought a scroll of magic mapping for 82 gold pieces
  8302 | D:8      | Found Viyboire's Weapon Emporium.
  8404 | D:8      | Reached XP level 10. HP: 51/70 MP: 15/19
  8413 | D:8      | HP: 19/84 [orc/+0 mace (4)]
  8415 | D:8      | HP: 9/84 [orc/+0 hand axe (2)]
  8417 | D:8      | Reached skill level 7 in Unarmed Combat
  8418 | D:8      | HP: 3/85 [orc/+0 trident (4)]
  8421 | D:8      | Found Beedesoa's Antique Armour Boutique.
  8620 | D:8      | Found Luodeanu's Jewellery Shop.
  8685 | D:8      | Found a sparkling altar of Nemelex Xobeh.
  8751 | D:8      | You pick up a book of Dreams and begin reading...
  8751 | D:8      | You add the spells Ensorcelled Hibernation and Anguish to
                  | your library.
  8874 | D:8      | You pick up a book of Geomancy and begin reading...
  8874 | D:8      | You add the spells Sandblast, Passwall and Stone Arrow to
                  | your library.
  9148 | D:8      | Gained mutation: You cannot study or use magical devices.
                  | [Ru sacrifice]
  9148 | D:8      | Reached * piety under Ru
  9148 | D:8      | Reached ** piety under Ru
  9365 | D:9      | Noticed Erolcha
  9373 | D:9      | Killed Erolcha
  9374 | D:9      | Reached skill level 10 in Transmutations
  9440 | D:9      | Found a staircase to the Orcish Mines.
  9911 | D:9      | Found a bloodstained altar of Trog.
  9939 | D:9      | Found a white marble altar of Elyvilon.
 10329 | D:10     | Entered Level 10 of the Dungeon
 10496 | D:10     | Reached skill level 7 in Spellcasting
 10506 | D:10     | Reached skill level 8 in Unarmed Combat
 10643 | D:10     | You pick up a book of the Tundra and begin reading...
 10643 | D:10     | You add the spells Hailstorm and Simulacrum to your
                  | library.
 10644 | D:10     | Noticed a two-headed ogre
 10650 | D:10     | Killed a two-headed ogre
 10651 | D:10     | Reached skill level 11 in Transmutations
 10709 | D:10     | Found an ornate altar of the Wu Jian Council.
 11035 | D:10     | Reached XP level 11. HP: 61/77 MP: 18/22
 11175 | D:10     | Noticed a two-headed ogre
 11188 | D:10     | HP: 14/92 [two-headed ogre/+0 giant club (20)]
 11188 | D:10     | Slain by a two-headed ogre

Vanquished Creatures
  Erolcha (D:9)
  A two-headed ogre (D:10)
  Sigmund (D:2)
  2 wyverns
  2 wraiths
  11 yaks
  A vampire mosquito (D:10)
  2 steam dragons
  An acid dragon (D:10)
  Edmund (D:4)
  Menkaure (D:6)
  A water moccasin (D:7)
  Duvessa (D:5)
  3 orc warriors
  2 sky beasts (D:7)
  2 ice beasts
  A black bear (D:4)
  An ogre (D:5)
  5 centaurs
  6 kobold brigands
  Blork the orc (D:5)
  5 bullfrogs
  4 scorpions
  7 wights (D:8)
  Dowan (D:5)
  6 howler monkeys
  A crimson imp (D:7)
  2 hounds
  Crazy Yiuf (D:2)
  A gnoll bouda (D:7)
  2 orc priests
  A jelly (D:7)
  2 iguanas (D:6)
  12 orc wizards
  10 gnolls
  8 adders
  2 white imps (D:6)
  An ufetubus (D:4)
  2 worms
  3 dart slugs
  42 orcs
  10 ball pythons
  8 bats
  4 endoplasms
  5 giant cockroaches
  9 goblins
  8 hobgoblins
  6 jackals (D:2)
  3 quokkas
  6 frilled lizards
  30 kobolds
  3 rats
  A spectral hobgoblin (D:5)
253 creatures vanquished.

Vanquished Creatures (others)
  A yak (D:9)
1 creature vanquished.

Grand Total: 254 creatures vanquished

Table legend:
 A = Non-vault XP
 B = Vault XP
 C = Vault XP percentage of total XP
 D = Non-vault monster count
 E = Vault monster count
 F = Vault count percentage of total count
                 A         B        C        D         E       F
            +---------+---------+-------+---------+---------+-------
      Total |    8748 |    3051 |  25.9 |     225 |      29 |  11.4
            +---------+---------+-------+---------+---------+-------
        D:1 |      30 |       0 |   0.0 |      19 |       0 |   0.0
        D:2 |      74 |     291 |  79.7 |      26 |       4 |  13.3
        D:3 |      75 |       0 |   0.0 |      22 |       0 |   0.0
        D:4 |     503 |     328 |  39.5 |      32 |       3 |   8.6
        D:5 |     125 |     300 |  70.6 |       3 |       5 |  62.5
        D:6 |     771 |     157 |  16.9 |      23 |       1 |   4.2
        D:7 |    1782 |     315 |  15.0 |      27 |       3 |  10.0
        D:8 |    1286 |       0 |   0.0 |      40 |       0 |   0.0
        D:9 |    1091 |    1008 |  48.0 |      20 |       7 |  25.9
       D:10 |    3011 |     652 |  17.8 |      13 |       6 |  31.6
            +---------+---------+-------+---------+---------+-------

Illustrated notes

Table legend:
 A = Kills in this place as a percentage of kills in the entire game.
 B = Kills by you in this place as a percentage of kills by you in the entire game.
 C = Kills by friends in this place as a percentage of kills by friends in the entire game.
 D = Other kills in this place as a percentage of other kills in the entire game.
 E = Experience gained in this place as a percentage of experience gained in the entire game.
 F = Experience gained in this place divided by the number of levels of this place that you have seen.
                   A       B       C       D       E      F
               +-------+-------+-------+-------+-------+----------------------
         Total | 100.0 | 100.0 |   N/A | 100.0 | 100.0 | 1072.6
       Dungeon | 100.0 | 100.0 |   N/A | 100.0 | 100.0 | 1179.9
               +-------+-------+-------+-------+-------+----------------------

Table legend: (Time is in decaauts)
 A = Elapsed time spent in this place.
 B = Non-inter-level travel time spent in this place.
 C = Inter-level travel time spent in this place.
 D = Time resting spent in this place.
 E = Time spent auto-exploring this place.
 F = Levels seen in this place.
 G = Mean time per level.
                   A        B        C        D        E       F      G
               +--------+--------+--------+--------+--------+-----+--------+
         Total |  11104 |  10677 |    427 |    333 |   8529 |  11 | 1009.5 |
       Dungeon |  11077 |  10659 |    418 |    333 |   8519 |  10 | 1107.7 |
        Temple |     26 |     18 |      8 |      0 |     10 |   1 |   26.0 |
               +--------+--------+--------+--------+--------+-----+--------+

Top non-repeatable levels by time:
     D:4: 1751 daAuts
     D:8: 1417 daAuts
     D:1: 1229 daAuts
     D:7: 1147 daAuts
     D:2: 1117 daAuts
     D:9: 1101 daAuts
     D:3: 1030 daAuts
    D:10: 847 daAuts
     D:6: 813 daAuts
     D:5: 621 daAuts
  Temple: 26 daAuts
